 Dungeon Crawl Stone Soup version 0.30-a0-160-gcfceee88d3 (webtiles) character file.

Game seed: 2043582281968059525

118335 qw the Severer (level 16, -2/104 HPs)
             Began as a Gargoyle Fighter on Sept 27, 2022.
             Was a High Priest of Okawaru.
             Killed by divine providence
             ... invoked by an orc priest
              (10 damage)
             ... on level 2 of the Orcish Mines.
             The game lasted 00:12:09 (27183 turns).

qw the Severer (Gargoyle Fighter)                  Turns: 27183, Time: 00:12:09

Health: -2/104     AC: 47    Str: 35    XL:     16   Next: 76%
Magic:  23/23      EV: 15    Int: 10    God:    Okawaru [*****.]
Gold:   2212       SH: 25    Dex: 11    Spells: 15/15 levels left

rFire   + . .      SeeInvis .    q - +4 broad axe (protect)
rCold   + . .      Faith    .    o - +0 tower shield
rNeg    + . .      Spirit   .    n - +3 chain mail {rF+}
rPois   inf        Reflect  +    i - +1 helmet of Daitah {-Cast Str+6 Dex+2}
rElec   +          Harm     .    w - +1 cloak
rCorr   .          Rampage  .    y - +1 pair of gloves "Didoyf" {Str+2}
Will    +....      NoCast   +    f - +2 pair of boots
Stlth   ..........               c - amulet of reflection
HPRegen 0.27/turn                A - +4 ring of evasion
MPRegen 0.18/turn                D - ring of protection from cold

@: about to teleport, heroic, under a protective aura, flying
A: sickness immunity, AC +12, big wings, negative energy resistance 1,
electricity resistance, torment resistance 1, petrification resistance
a: Renounce Religion, Heroism, Finesse, Duel


You were on level 2 of the Orcish Mines.
You worshipped Okawaru.
Okawaru was extremely pleased with you.
You visited 4 branches of the dungeon, and saw 23 of its levels.
You visited the Abyss 1 time.

You collected 2506 gold pieces.
You spent 294 gold pieces at shops.


Innate Abilities, Weirdness & Mutations

You are immune to sickness and miasma.
Your stone body is resilient. (AC +12)
You are immune to poison.
Your large and strong wings let you fly.
You resist negative energy. (rN+)
You are resistant to electric shocks. (rElec)
You are resistant to unholy torment.
You are immune to petrification.


   Skills:
 - Level 13.0(18.0) Fighting
 - Level 17.6(22.6) Axes
 - Level 7.0(12.0) Throwing
 - Level 10.0(15.0) Armour
 - Level 4.0(9.0) Dodging
 + Level 14.5(19.5) Shields
 - Level 10.0 Invocations


You had 15 spell levels left.
You didn't know any spells.
Your spell library was empty.

Inventory:

Hand Weapons
 e - a +3 hand axe of flaming
 q - a +4 broad axe of protection (weapon)
Missiles
 s - 7 boomerangs
 H - 2 javelins (quivered)
Armour
 f - a +2 pair of boots (worn)
 i - the +1 helmet of Daitah (worn) {-Cast Str+6 Dex+2}
   (You found it on level 5 of the Dungeon)

   Str:       It affects your strength (+6).
   Dex:       It affects your dexterity (+2).
   -Cast:     It prevents spellcasting.
 n - a +3 chain mail of fire resistance (worn)
 o - a +0 tower shield (worn)
 u - a +0 chain mail of cold resistance
 w - a +1 cloak (worn)
 x - a +0 plate armour
 y - the +1 pair of gloves "Didoyf" (worn) {Str+2}
   (You found it on level 5 of the Lair of Beasts)

   Str:       It affects your strength (+2).
 C - +0 fire dragon scales
Jewellery
 a - a ring of ice
 c - an amulet of reflection (around neck)
 p - a ring of positive energy
 z - a ring of fire
 A - a +4 ring of evasion (left hand)
 D - a ring of protection from cold (right hand)
 Y - a ring of resist corrosion
Wands
 h - a wand of digging (5)
Scrolls
 m - 6 scrolls of identify
Potions
 b - 3 potions of lignification
 d - 3 potions of might
 g - 4 potions of haste
 j - 13 potions of curing
 k - 4 potions of attraction
 r - a potion of magic
 v - 2 potions of mutation
 B - a potion of resistance
 E - 2 potions of cancellation

Dungeon Overview and Level Annotations

Branches:
Dungeon (15/15)            Temple (1/1) D:4            Lair (5/5) D:10
  Swamp (0/4) Lair:2        Snake (0/4) Lair:2        Slime (0/5) Lair:5
    Orc (2/2) D:9             Elf (0/3) Orc:2        Vaults (0/5) D:14
 Depths (0/4) D:15

Altars:
Ashenzari
Cheibriados
Dithmenos
Elyvilon
Fedhas
Gozag
Hepliaklqana
Kikubaaqudgha
Makhleb
Nemelex Xobeh
Okawaru
Qazlal
Ru
Sif Muna
Trog
Uskayaw
Vehumet
Wu Jian
Xom
Yredelemnul
Zin
The Shining One
Jiyva

Shops:
D:2 :   D:13 *


Message History

You hit the orc knight.
The orc knight is lightly wounded.
An orc priest comes into view. It is wielding a +0 hand axe.
An orc priest comes into view. It is wielding a +0 falchion.
The orc knight roars a battlecry!
The orc priests go into a battle-frenzy!
You block the orc warrior's attack. x2
You hit the orc knight.
The orc knight is moderately wounded.
The orc knight roars a battlecry!
An orc knight comes into view. It is wielding a +0 broad axe.
You block the orc warrior's attack. x2
You slice the orc knight!!
The orc knight is heavily wounded.
The orc warrior no longer looks unusually strong.
You block the orc knight's attack.
The orc knight roars a battlecry!
The orcs go into a battle-frenzy!
You block the orc warrior's attack. The orc warrior barely misses you.
You hear a shout!
You open the orc knight like a pillowcase!!!
You kill the orc knight!
Okawaru accepts your kill. 2 orc priests come into view.
The orc priest shouts! x2
The orc knight no longer looks unusually strong.
The orc priest mumbles some strange prayers to Beogh against you.
Beogh smites you!
An orc warrior comes into view. It is wielding a +0 long sword.
You block the orc warrior's attack.
Items here: %% ))) [.
27183 ||| READING scroll of teleportation.
As you read the scroll of teleportation, it crumbles to dust.
You feel strangely unstable.
The orc priest invokes the aid of Beogh against you.
Beogh smites you!
An orc warrior comes into view. It is wielding a +1 vorpal halberd.
The orc priest mumbles some strange prayers to Beogh against you.
Beogh smites you!
You die...

#...... o..#... #......
.....o. o..#... ..o...#
#...... ooo#..# #......
.oo..(# #......
#####o..#######...... ##
##.)(@o..(.....#......
##.###..))oo........#......
#...#.....#................
#.#.......^...............
####.........................
#.........................)..
................#............
...............#.............
.#...........................


You could see an orc knight, an orc high priest (strong), 5 orc warriors, 4 orc
priests and 2 orcs.

Vanquished Creatures
  Jorgrun (Orc:2)
  Gastronok (Orc:1)
  2 tentacled starspawn (Abyss:3)
  Kirke (D:14)
  Roxanne (D:14)
  Louise (D:15)
  2 very ugly things (Abyss:3)
  A dire elephant (Lair:1)
  A bunyip (Abyss:3)
  A fire dragon (Lair:5)
  Harold (Orc:1)
  Fannar (Orc:1)
  Josephine (D:11)
  A vault guard (D:14)
  An ogre mage (D:10)
  An anaconda (Lair:1)
  2 two-headed ogres
  2 boulder beetles
  8 hydras
  6 centaur warriors
  An alligator (Lair:1)
  11 death yaks
  5 skeletal warriors (D:15)
  A sea snake (shapeshifter) (D:15)
  A harpy (D:14)
  4 orc knights
  4 deep elf pyromancers
  3 lindwurms
  2 wizards
  6 cyclopes
  7 manticores
  An orc sorcerer (D:15)
  An oklob plant (Lair:4)
  A salamander (D:15)
  18 ugly things
  Maurice (Orc:1)
  9 black mambas
  3 smoke demons (Abyss:3)
  A cane toad (shapeshifter) (D:13)
  24 cane toads
  A torpor snail (Lair:5)
  Joseph (D:9)
  4 gargoyles
  17 rime drakes
  Psyche (D:11)
  3 large abominations (Abyss:3)
  8 komodo dragons
  2 efreet
  An unseen horror (D:11)
  2 tengu conjurers
  2 freezing wraiths
  4 hellwings (Abyss:3)
  6 polar bears
  6 meliai (D:15)
  A troll (shapeshifter) (D:13)
  A hornet (Lair:1)
  11 trolls
  4 tyrant leeches (Lair:5)
  3 raiju (Abyss:3)
  18 blink frogs
  7 dream sheep (Lair:5)
  2 shadows
  9 slime creatures
  6 wyverns
  Sigmund (D:4)
  2 vampires
  Grum (D:8)
  6 wraiths
  A neqoxec (Abyss:3)
  13 steam dragons
  3 humans (D:14)
  15 vampire mosquitoes
  38 yaks
  5 basilisks
  Menkaure (D:7)
  7 wargs
  A swamp worm (shapeshifter) (D:15)
  An acid dragon (D:10)
  20 water moccasins
  2 small abominations (Abyss:3)
  17 orc warriors
  4 black bears
  2 ice beasts
  6 ogres
  25 wolves
  15 centaurs
  4 phantoms
  3 kobold brigands
  2 gnoll sergeants
  15 bullfrogs
  9 scorpions
  9 wights
  A hornet simulacrum (D:15)
  19 killer bees
  3 electric eels
  5 howler monkeys
  A crimson imp (D:4)
  A quasit (Abyss:3)
  4 starcursed masses (Abyss:3)
  4 hounds
  A gnoll bouda (D:10)
  2 jellies
  25 orc priests
  Jessica (D:3)
  6 iguanas
  14 orc wizards
  10 gnolls
  9 adders
  7 white imps
  5 ufetubi
  2 worms
  4 dart slugs
  69 orcs
  4 endoplasms
  4 giant cockroaches
  12 goblins
  8 hobgoblins
  6 jackals (D:1)
  7 ball pythons
  11 bats
  A frilled lizard (D:1)
  11 kobolds
  5 rats
  A butterfly (Lair:4)
  2 starspawn tentacles (Abyss:3)
753 creatures vanquished.

Vanquished Creatures (others)
  A demonic plant (D:4)
  56 fungi
  96 plants
  2 starspawn tentacles (Abyss:3)
155 creatures vanquished.

Grand Total: 908 creatures vanquished

Notes
Turn   | Place    | Note
-------+----------+-------------------------------------------
     0 | D:1      | qw the Gargoyle Fighter began the quest for the Orb.
     0 | D:1      | Reached XP level 1. HP: 14/14 MP: 1/1
     0 | D:1      | 0 ||| qw: Version: 0.2-a-10-g37ed214
     0 | D:1      | 0 ||| qw: Game counter: 603
     0 | D:1      | 0 ||| qw: Always use a shield: true
     0 | D:1      | 0 ||| qw: God list: Okawaru
     0 | D:1      | 0 ||| qw: Allow faded altars: false
     0 | D:1      | 0 ||| qw: Do Orc after D:15 true
     0 | D:1      | 0 ||| qw: Do second Lair branch before Depths: true
     0 | D:1      | 0 ||| qw: Lair rune preference: random
     0 | D:1      | 0 ||| qw: Plans: Normal, Zot:1-4, God:TSO, Crypt, Tomb,
                  | Pan, Slime:5, Hells, Abyss, Orb
     0 | D:1      | 0 ||| PLANNING D:1-11
    31 | D:1      | Found a faded altar of an unknown god.
    33 | D:1      | 33 ||| Stepping ~*~*~tactically~*~*~ (stealth).
    36 | D:1      | 36 ||| Stepping ~*~*~tactically~*~*~ (stealth).
    40 | D:1      | Reached skill level 2 in Axes
   231 | D:1      | Reached XP level 2. HP: 19/19 MP: 2/2
   327 | D:1      | 327 ||| Stepping ~*~*~tactically~*~*~ (stealth).
   413 | D:1      | Reached skill level 3 in Axes
   459 | D:1      | 459 ||| UPGRADING to +1 pair of boots.
   464 | D:1      | 464 ||| UPGRADING to amulet of guardian spirit.
   469 | D:1      | 469 ||| UPGRADING to ring of resist corrosion.
   470 | D:1      | 470 ||| READING scroll labelled BEGRIE KONNAQ.
   471 | D:1      | 471 ||| READING scroll labelled WEKKAXT MUIME.
   472 | D:1      | 472 ||| DRINKING 3 black potions.
   513 | D:2      | Found the +12 glaive of Prune {vorpal}
   643 | D:2      | Reached XP level 3. HP: 23/23 MP: 3/3
   658 | D:2      | 658 ||| FLEEEEING.
   659 | D:2      | 659 ||| FLEEEEING.
   660 | D:2      | 660 ||| FLEEEEING.
   661 | D:2      | 661 ||| FLEEEEING.
   662 | D:2      | 662 ||| FLEEEEING.
   663 | D:2      | 663 ||| FLEEEEING.
   664 | D:2      | 664 ||| FLEEEEING.
   684 | D:2      | 684 ||| FLEEEEING.
   685 | D:2      | 685 ||| FLEEEEING.
   686 | D:2      | 686 ||| FLEEEEING.
   865 | D:2      | 865 ||| Stepping ~*~*~tactically~*~*~ (stealth).
   914 | D:2      | 914 ||| Stepping ~*~*~tactically~*~*~ (stealth).
  1017 | D:2      | Found Ocutri Utoa's Book Shop.
  1238 | D:2      | 1238 ||| Stepping ~*~*~tactically~*~*~ (stealth).
  1239 | D:2      | 1239 ||| Stepping ~*~*~tactically~*~*~ (stealth).
  1281 | D:2      | 1281 ||| READING scroll labelled ATIEMU LETOOTH.
  1286 | D:2      | 1286 ||| DRINKING 2 sapphire potions.
  1287 | D:2      | 1287 ||| DROPPING potion of brilliance.
  1459 | D:3      | Noticed Jessica
  1469 | D:3      | Killed Jessica
  1470 | D:3      | Reached skill level 4 in Axes
  1470 | D:3      | Reached XP level 4. HP: 14/28 MP: 2/4
  2256 | D:3      | 2256 ||| UPGRADING to +0 chain mail.
  2266 | D:3      | 2266 ||| DROPPING +0 scale mail.
  2267 | D:3      | 2267 ||| DROPPING ring of wizardry.
  2268 | D:3      | 2268 ||| READING scroll labelled RAWE YTTEAM.
  2269 | D:3      | 2269 ||| READING 3 scrolls labelled VUCLUO LACENE.
  2270 | D:3      | 2270 ||| READING scroll labelled JOELOU UCHIO.
  2271 | D:3      | 2271 ||| READING 2 scrolls of identify.
  2271 | D:3      | 2271 ||| IDENTIFYING red potion
  2272 | D:3      | 2272 ||| DROPPING potion of magic.
  2330 | D:4      | 2330 ||| STAIRDANCE
  2495 | D:4      | 2495 ||| Stepping ~*~*~tactically~*~*~ (hiding).
  2512 | D:4      | 2512 ||| READING scroll of brand weapon.
  2512 | D:4      | 2512 ||| BRANDING +0 vorpal war axe.
  2528 | D:4      | Found a staircase to the Ecumenical Temple.
  2529 | D:4      | 2529 ||| PLANNING TEMPLE
  2537 | Temple   | Entered the Ecumenical Temple
  2538 | Temple   | 2538 ||| PLANNING OKAWARU WORSHIP
  2559 | Temple   | Became a worshipper of Warmaster Okawaru
  2560 | Temple   | 2560 ||| PLANNING D:1-11
  2560 | Temple   | 2560 ||| REMOVING amulet of guardian spirit.
  2565 | Temple   | 2565 ||| DROPPING amulet of guardian spirit.
  2586 | D:4      | 2586 ||| Stepping ~*~*~tactically~*~*~ (hiding).
  2590 | D:4      | 2590 ||| Stepping ~*~*~tactically~*~*~ (hiding).
  2597 | D:4      | Reached XP level 5. HP: 31/32 MP: 5/5
  2621 | D:4      | Noticed a kobold brigand
  2640 | D:4      | HP: 7/32 [kobold brigand/+0 short sword (3)]
  2641 | D:4      | Killed a kobold brigand
  2642 | D:4      | Reached skill level 5 in Axes
  2695 | D:4      | 2695 ||| FLEEEEING.
  2817 | D:4      | 2817 ||| FLEEEEING.
  2818 | D:4      | 2818 ||| FLEEEEING.
  2819 | D:4      | 2819 ||| FLEEEEING.
  2820 | D:4      | 2820 ||| FLEEEEING.
  2821 | D:4      | 2821 ||| FLEEEEING.
  2822 | D:4      | 2822 ||| STAIRDANCE
  2923 | D:4      | Found a white marble altar of Elyvilon.
  3032 | D:4      | Found a shimmering altar of Xom.
  3032 | D:4      | Found a burning altar of Makhleb.
  3072 | D:4      | Reached XP level 6. HP: 35/38 MP: 6/6
  3279 | D:4      | 3279 ||| Stepping ~*~*~tactically~*~*~ (stealth).
  3294 | D:4      | Found a glowing golden altar of the Shining One.
  3309 | D:4      | Noticed Sigmund
  3310 | D:4      | 3310 ||| Stepping ~*~*~tactically~*~*~ (hiding).
  3340 | D:4      | Killed Sigmund
  3340 | D:4      | Reached * piety under Okawaru
  3341 | D:4      | Reached skill level 6 in Axes
  3341 | D:4      | Reached XP level 7. HP: 16/43 MP: 7/7
  3585 | D:4      | 3585 ||| Stepping ~*~*~tactically~*~*~ (hiding).
  3586 | D:4      | 3586 ||| Stepping ~*~*~tactically~*~*~ (hiding).
  3708 | D:4      | 3708 ||| Stepping ~*~*~tactically~*~*~ (stealth).
  3744 | D:4      | Reached skill level 1 in Dodging
  3744 | D:4      | Reached skill level 1 in Invocations
  4065 | D:4      | 4065 ||| READING scroll labelled ZOXOEMM SORA.
  4066 | D:4      | 4066 ||| READING scroll labelled BUM VIOLUCOT.
  4067 | D:4      | 4067 ||| DRINKING 2 murky puce potions.
  4105 | D:5      | Entered Level 5 of the Dungeon
  4110 | D:5      | 4110 ||| INVOKING Heroism.
  4111 | D:5      | 4111 ||| INVOKING Heroism.
  4137 | D:5      | 4137 ||| DROPPING +1 mace of protection.
  4177 | D:5      | Found a shadowy altar of Dithmenos.
  4214 | D:5      | 4214 ||| INVOKING Heroism.
  4215 | D:5      | 4215 ||| INVOKING Heroism.
  4225 | D:5      | Reached skill level 3 in Invocations
  4227 | D:5      | Reached skill level 7 in Axes
  4231 | D:5      | 4231 ||| INVOKING Heroism.
  4232 | D:5      | HP: 6/43 [gnoll sergeant/+1 vampiric spear (5)]
  4233 | D:5      | 4233 ||| READING scroll of teleportation.
  4236 | D:5      | Reached XP level 8. HP: 8/48 MP: 6/10
  4372 | D:5      | 4372 ||| INVOKING Heroism.
  4503 | D:5      | 4503 ||| INVOKING Heroism.
  4506 | D:5      | Reached ** piety under Okawaru
  4517 | D:5      | 4517 ||| Stepping ~*~*~tactically~*~*~ (stealth).
  4523 | D:5      | 4523 ||| INVOKING Heroism.
  4641 | D:5      | 4641 ||| FLEEEEING.
  4642 | D:5      | 4642 ||| FLEEEEING.
  4643 | D:5      | 4643 ||| FLEEEEING.
  4649 | D:5      | 4649 ||| FLEEEEING.
  4650 | D:5      | 4650 ||| FLEEEEING.
  4651 | D:5      | 4651 ||| FLEEEEING.
  4652 | D:5      | 4652 ||| FLEEEEING.
  4653 | D:5      | 4653 ||| FLEEEEING.
  4654 | D:5      | 4654 ||| FLEEEEING.
  4655 | D:5      | 4655 ||| FLEEEEING.
  4656 | D:5      | 4656 ||| FLEEEEING.
  4657 | D:5      | 4657 ||| FLEEEEING.
  4658 | D:5      | 4658 ||| FLEEEEING.
  4659 | D:5      | 4659 ||| FLEEEEING.
  4660 | D:5      | 4660 ||| FLEEEEING.
  4661 | D:5      | 4661 ||| FLEEEEING.
  4662 | D:5      | 4662 ||| FLEEEEING.
  4663 | D:5      | 4663 ||| FLEEEEING.
  4664 | D:5      | 4664 ||| FLEEEEING.
  4665 | D:5      | 4665 ||| FLEEEEING.
  4666 | D:5      | 4666 ||| FLEEEEING.
  4667 | D:5      | 4667 ||| FLEEEEING.
  4668 | D:5      | 4668 ||| FLEEEEING.
  4672 | D:5      | 4672 ||| FLEEEEING.
  4673 | D:5      | 4673 ||| FLEEEEING.
  4683 | D:5      | 4683 ||| INVOKING Heroism.
  4900 | D:5      | 4900 ||| DROPPING +0 flail.
  5003 | D:5      | Identified the +1 helmet of Daitah {-Cast Str+6 Dex+2}
  5060 | D:5      | Found a snail-covered altar of Cheibriados.
  5211 | D:5      | Found an ornate altar of the Wu Jian Council.
  5315 | D:5      | Reached skill level 8 in Axes
  5521 | D:5      | 5521 ||| UPGRADING to +1 helmet of Daitah {-Cast Str+6
                  | Dex+2}.
  5662 | D:6      | 5662 ||| Stepping ~*~*~tactically~*~*~ (hiding).
  5670 | D:6      | 5670 ||| Stepping ~*~*~tactically~*~*~ (stealth).
  5672 | D:6      | 5672 ||| Stepping ~*~*~tactically~*~*~ (stealth).
  5674 | D:6      | 5674 ||| INVOKING Heroism.
  5679 | D:6      | Reached skill level 1 in Throwing
  5692 | D:6      | Found a basalt altar of Yredelemnul.
  5708 | D:6      | Reached XP level 9. HP: 54/54 MP: 12/12
  5763 | D:6      | 5763 ||| INVOKING Heroism.
  5766 | D:6      | Reached skill level 6 in Fighting
  5802 | D:6      | 5802 ||| READING scroll of enchant armour.
  5802 | D:6      | 5802 ||| ENCHANTING +1 pair of boots.
  5814 | D:6      | 5814 ||| INVOKING Heroism.
  5859 | D:6      | Found an opulent altar of Gozag.
  5890 | D:6      | Found a shimmering blue altar of Sif Muna.
  6091 | D:6      | 6091 ||| UPGRADING to ring of positive energy.
  6092 | D:6      | 6092 ||| READING scroll labelled LISUWN JOALOR.
  6193 | D:6      | 6193 ||| READING 2 scrolls of identify.
  6193 | D:6      | 6193 ||| IDENTIFYING bubbling inky potion
  6211 | D:7      | 6211 ||| STAIRDANCE
  6288 | D:7      | 6288 ||| INVOKING Heroism.
  6339 | D:7      | 6339 ||| Stepping ~*~*~tactically~*~*~ (stealth).
  6350 | D:7      | 6350 ||| INVOKING Heroism.
  6357 | D:7      | Reached skill level 9 in Axes
  6563 | D:7      | Found a bloodstained altar of Trog.
  6564 | D:7      | 6564 ||| INVOKING Heroism.
  6634 | D:7      | Reached *** piety under Okawaru
  6748 | D:7      | Found a faded altar of an unknown god.
  6912 | D:7      | 6912 ||| INVOKING Heroism.
  7054 | D:7      | Found a faded altar of an unknown god.
  7055 | D:7      | Found a hazy altar of Hepliaklqana.
  7088 | D:7      | 7088 ||| Stepping ~*~*~tactically~*~*~ (stealth).
  7090 | D:7      | 7090 ||| Stepping ~*~*~tactically~*~*~ (stealth).
  7092 | D:7      | 7092 ||| Stepping ~*~*~tactically~*~*~ (stealth).
  7093 | D:7      | Noticed Menkaure
  7094 | D:7      | 7094 ||| FLEEEEING.
  7095 | D:7      | 7095 ||| FLEEEEING.
  7096 | D:7      | 7096 ||| FLEEEEING.
  7097 | D:7      | 7097 ||| FLEEEEING.
  7098 | D:7      | 7098 ||| FLEEEEING.
  7099 | D:7      | 7099 ||| FLEEEEING.
  7100 | D:7      | 7100 ||| FLEEEEING.
  7103 | D:7      | 7103 ||| FLEEEEING.
  7104 | D:7      | 7104 ||| FLEEEEING.
  7105 | D:7      | 7105 ||| FLEEEEING.
  7106 | D:7      | 7106 ||| FLEEEEING.
  7107 | D:7      | 7107 ||| FLEEEEING.
  7108 | D:7      | 7108 ||| FLEEEEING.
  7109 | D:7      | 7109 ||| FLEEEEING.
  7110 | D:7      | 7110 ||| FLEEEEING.
  7111 | D:7      | 7111 ||| FLEEEEING.
  7122 | D:7      | 7122 ||| FLEEEEING.
  7123 | D:7      | 7123 ||| FLEEEEING.
  7124 | D:7      | 7124 ||| FLEEEEING.
  7125 | D:7      | 7125 ||| FLEEEEING.
  7163 | D:7      | 7163 ||| INVOKING Heroism.
  7165 | D:7      | Killed Menkaure
  7505 | D:7      | 7505 ||| UPGRADING to +0 chain mail of cold resistance.
  7515 | D:7      | 7515 ||| DROPPING +0 chain mail.
  7516 | D:7      | 7516 ||| UPGRADING to +0 plate armour.
  7526 | D:7      | 7526 ||| UPGRADING to amulet of the acrobat.
  7531 | D:7      | 7531 ||| READING scroll labelled ZAULI OZEATH.
  7532 | D:7      | 7532 ||| READING scroll labelled ASTI XUIPPAG.
  7533 | D:7      | 7533 ||| DRINKING 2 fuming cyan potions.
  7634 | D:7      | 7634 ||| READING 2 scrolls of identify.
  7634 | D:7      | 7634 ||| IDENTIFYING silvery potion
  7635 | D:7      | 7635 ||| DROPPING potion of ambrosia.
  7660 | D:8      | Found a glowing silver altar of Zin.
  7667 | D:8      | 7667 ||| Stepping ~*~*~tactically~*~*~ (hiding).
  7671 | D:8      | 7671 ||| INVOKING Heroism.
  7674 | D:8      | 7674 ||| Stepping ~*~*~tactically~*~*~ (hiding).
  7786 | D:8      | 7786 ||| Stepping ~*~*~tactically~*~*~ (stealth).
  7787 | D:8      | 7787 ||| Stepping ~*~*~tactically~*~*~ (stealth).
  7915 | D:8      | 7915 ||| Stepping ~*~*~tactically~*~*~ (stealth).
  7917 | D:8      | 7917 ||| Stepping ~*~*~tactically~*~*~ (stealth).
  7925 | D:8      | Reached skill level 6 in Armour
  7925 | D:8      | Reached XP level 10. HP: 59/63 MP: 13/13
  8158 | D:8      | 8158 ||| Stepping ~*~*~tactically~*~*~ (stealth).
  8159 | D:8      | Noticed Grum
  8160 | D:8      | 8160 ||| INVOKING Heroism.
  8163 | D:8      | Reached **** piety under Okawaru
  8171 | D:8      | Killed Grum
  8175 | D:8      | Reached skill level 10 in Axes
  8215 | D:8      | 8215 ||| Stepping ~*~*~tactically~*~*~ (stealth).
  8227 | D:8      | 8227 ||| Stepping ~*~*~tactically~*~*~ (stealth).
  8254 | D:8      | 8254 ||| Stepping ~*~*~tactically~*~*~ (stealth).
  8255 | D:8      | 8255 ||| INVOKING Heroism.
  8288 | D:8      | 8288 ||| INVOKING Heroism.
  8633 | D:8      | Received a gift from Okawaru
  8643 | D:8      | 8643 ||| INVOKING Heroism.
  8768 | D:8      | 8768 ||| DROPPING amulet of magic regeneration.
  8769 | D:8      | 8769 ||| DROPPING +6 ring of intelligence.
  8770 | D:8      | 8770 ||| UPGRADING to +4 ring of evasion.
  8772 | D:8      | 8772 ||| UPGRADING to ring of resist corrosion.
  8774 | D:8      | 8774 ||| READING scroll labelled BURURIO ANUSCH.
  8836 | D:8      | 8836 ||| READING 2 scrolls of identify.
  8836 | D:8      | 8836 ||| IDENTIFYING white potion
  8837 | D:8      | 8837 ||| DROPPING potion of flight.
  8841 | D:9      | Found a staircase to the Orcish Mines.
  8842 | D:9      | 8842 ||| INVOKING Heroism.
  8843 | D:9      | 8843 ||| STAIRDANCE
  8863 | D:9      | Reached skill level 6 in Invocations
  8865 | D:9      | 8865 ||| DRINKING 9 potions of curing.
  8865 | D:9      | 8865 ||| (to cure confusion)
  8870 | D:9      | 8870 ||| STAIRDANCE
  8872 | D:9      | 8872 ||| STAIRDANCE
  8874 | D:9      | 8874 ||| STAIRDANCE
  8876 | D:9      | 8876 ||| STAIRDANCE
  8878 | D:9      | 8878 ||| STAIRDANCE
  8880 | D:9      | 8880 ||| STAIRDANCE
  8883 | D:8      | 8883 ||| DRINKING 8 potions of curing.
  8883 | D:8      | 8883 ||| (to cure confusion)
  8891 | D:8      | 8891 ||| DRINKING 7 potions of curing.
  8891 | D:8      | 8891 ||| (to cure confusion)
  8892 | D:8      | 8892 ||| DRINKING 6 potions of curing.
  8892 | D:8      | 8892 ||| (to cure confusion)
  8894 | D:8      | Reached skill level 3 in Throwing
  8961 | D:9      | Received a gift from Okawaru
  9138 | D:9      | Found a radiant altar of Vehumet.
  9141 | D:9      | 9141 ||| INVOKING Heroism.
  9172 | D:9      | Noticed a centaur warrior
  9173 | D:9      | 9173 ||| Stepping ~*~*~tactically~*~*~ (hiding).
  9183 | D:9      | Killed a centaur warrior
  9183 | D:9      | Received a gift from Okawaru
  9184 | D:9      | Reached XP level 11. HP: 51/68 MP: 16/16
  9315 | D:9      | 9315 ||| Stepping ~*~*~tactically~*~*~ (cloud).
  9336 | D:9      | Received a gift from Okawaru
  9345 | D:9      | Noticed a two-headed ogre
  9346 | D:9      | 9346 ||| FLEEEEING.
  9350 | D:9      | 9350 ||| STAIRDANCE
  9383 | D:8      | 9383 ||| DROPPING +2 hat.
  9384 | D:8      | 9384 ||| READING 2 scrolls of identify.
  9384 | D:8      | 9384 ||| IDENTIFYING murky white potion
  9385 | D:8      | 9385 ||| DROPPING potion of degeneration.
  9390 | D:9      | 9390 ||| INVOKING Heroism.
  9396 | D:9      | Killed a two-headed ogre
  9414 | D:9      | 9414 ||| Stepping ~*~*~tactically~*~*~ (stealth).
  9415 | D:9      | 9415 ||| Stepping ~*~*~tactically~*~*~ (stealth).
  9418 | D:9      | 9418 ||| Stepping ~*~*~tactically~*~*~ (stealth).
  9524 | D:9      | 9524 ||| INVOKING Heroism.
  9527 | D:9      | 9527 ||| Stepping ~*~*~tactically~*~*~ (cloud).
  9536 | D:9      | 9536 ||| Stepping ~*~*~tactically~*~*~ (cloud).
  9740 | D:9      | 9740 ||| FLEEEEING.
  9741 | D:9      | 9741 ||| FLEEEEING.
  9742 | D:9      | 9742 ||| FLEEEEING.
  9812 | D:9      | 9812 ||| INVOKING Heroism.
  9903 | D:9      | 9903 ||| Stepping ~*~*~tactically~*~*~ (stealth).
  9934 | D:9      | Noticed Joseph
  9941 | D:9      | Killed Joseph
  9975 | D:9      | 9975 ||| DROPPING ring of magical power.
 10000 | D:10     | Entered Level 10 of the Dungeon
 10003 | D:10     | 10003 ||| INVOKING Heroism.
 10074 | D:10     | 10074 ||| FLEEEEING.
 10075 | D:10     | 10075 ||| Stepping ~*~*~tactically~*~*~ (hiding).
 10076 | D:10     | 10076 ||| Stepping ~*~*~tactically~*~*~ (hiding).
 10088 | D:10     | 10088 ||| INVOKING Heroism.
 10171 | D:10     | 10171 ||| Stepping ~*~*~tactically~*~*~ (stealth).
 10175 | D:10     | 10175 ||| Stepping ~*~*~tactically~*~*~ (stealth).
 10177 | D:10     | 10177 ||| INVOKING Heroism.
 10192 | D:10     | 10192 ||| Stepping ~*~*~tactically~*~*~ (stealth).
 10195 | D:10     | 10195 ||| Stepping ~*~*~tactically~*~*~ (stealth).
 10209 | D:10     | 10209 ||| Stepping ~*~*~tactically~*~*~ (stealth).
 10212 | D:10     | 10212 ||| Stepping ~*~*~tactically~*~*~ (stealth).
 10224 | D:10     | 10224 ||| Stepping ~*~*~tactically~*~*~ (stealth).
 10247 | D:10     | 10247 ||| Stepping ~*~*~tactically~*~*~ (cloud).
 10289 | D:10     | 10289 ||| Stepping ~*~*~tactically~*~*~ (stealth).
 10290 | D:10     | Noticed an ogre mage
 10291 | D:10     | 10291 ||| Stepping ~*~*~tactically~*~*~ (hiding).
 10292 | D:10     | 10292 ||| INVOKING Heroism.
 10301 | D:10     | Reached ***** piety under Okawaru
 10343 | D:10     | Found a hide-covered altar of Uskayaw.
 10355 | D:10     | Found a staircase to the Lair.
 10364 | D:10     | 10364 ||| INVOKING Heroism.
 10371 | D:10     | Killed an ogre mage
 10372 | D:10     | Reached skill level 9 in Invocations
 10488 | D:10     | Found an ancient bone altar of Kikubaaqudgha.
 10518 | D:10     | 10518 ||| Stepping ~*~*~tactically~*~*~ (hiding).
 10530 | D:10     | 10530 ||| INVOKING Heroism.
 10561 | D:10     | Noticed a manticore
 10562 | D:10     | 10562 ||| Stepping ~*~*~tactically~*~*~ (stealth).
 10593 | D:10     | 10593 ||| Stepping ~*~*~tactically~*~*~ (stealth).
 10595 | D:10     | 10595 ||| Stepping ~*~*~tactically~*~*~ (hiding).
 10601 | D:10     | 10601 ||| INVOKING Heroism.
 10605 | D:10     | Killed a manticore
 10622 | D:10     | 10622 ||| Stepping ~*~*~tactically~*~*~ (stealth).
 10625 | D:10     | 10625 ||| Stepping ~*~*~tactically~*~*~ (hiding).
 10626 | D:10     | 10626 ||| Stepping ~*~*~tactically~*~*~ (hiding).
 10649 | D:10     | Received a gift from Okawaru
 10650 | D:10     | Reached skill level 11 in Axes
 10713 | D:10     | 10713 ||| Stepping ~*~*~tactically~*~*~ (stealth).
 10781 | D:10     | 10781 ||| FLEEEEING.
 10782 | D:10     | 10782 ||| FLEEEEING.
 10784 | D:10     | 10784 ||| INVOKING Heroism.
 10790 | D:10     | 10790 ||| STAIRDANCE
 10964 | D:9      | 10964 ||| UPGRADING to +3 chain mail of fire resistance.
 10974 | D:9      | 10974 ||| READING scroll labelled SOULIP VUYHON.
 10975 | D:9      | 10975 ||| READING 2 scrolls of identify.
 10975 | D:9      | 10975 ||| IDENTIFYING amethyst potion
 10976 | D:9      | 10976 ||| DROPPING potion of berserk rage.
 10998 | D:10     | 10998 ||| Stepping ~*~*~tactically~*~*~ (stealth).
 10999 | D:10     | 10999 ||| Stepping ~*~*~tactically~*~*~ (stealth).
 11000 | D:10     | 11000 ||| Stepping ~*~*~tactically~*~*~ (stealth).
 11001 | D:10     | 11001 ||| Stepping ~*~*~tactically~*~*~ (stealth).
 11002 | D:10     | 11002 ||| Stepping ~*~*~tactically~*~*~ (stealth).
 11004 | D:10     | 11004 ||| Stepping ~*~*~tactically~*~*~ (stealth).
 11008 | D:10     | 11008 ||| INVOKING Heroism.
 11026 | D:10     | 11026 ||| Stepping ~*~*~tactically~*~*~ (stealth).
 11027 | D:10     | 11027 ||| Stepping ~*~*~tactically~*~*~ (stealth).
 11151 | D:10     | 11151 ||| INVOKING Heroism.
 11221 | D:10     | 11221 ||| SWAPPING to +3 war axe of freezing.
 11222 | D:10     | 11222 ||| DROPPING +0 war axe of freezing.
 11278 | D:10     | 11278 ||| Stepping ~*~*~tactically~*~*~ (hiding).
 11287 | D:10     | 11287 ||| Stepping ~*~*~tactically~*~*~ (hiding).
 11351 | D:10     | 11351 ||| Stepping ~*~*~tactically~*~*~ (stealth).
 11354 | D:10     | 11354 ||| Stepping ~*~*~tactically~*~*~ (hiding).
 11355 | D:10     | 11355 ||| Stepping ~*~*~tactically~*~*~ (hiding).
 11356 | D:10     | 11356 ||| Stepping ~*~*~tactically~*~*~ (hiding).
 11446 | D:10     | 11446 ||| FLEEEEING.
 11447 | D:10     | 11447 ||| FLEEEEING.
 11448 | D:10     | 11448 ||| FLEEEEING.
 11449 | D:10     | 11449 ||| FLEEEEING.
 11450 | D:10     | 11450 ||| FLEEEEING.
 11456 | D:10     | 11456 ||| DRINKING 5 potions of curing.
 11456 | D:10     | 11456 ||| (to cure confusion)
 11586 | D:10     | Noticed a manticore
 11587 | D:10     | 11587 ||| Stepping ~*~*~tactically~*~*~ (hiding).
 11589 | D:10     | 11589 ||| INVOKING Heroism.
 11596 | D:10     | Killed a manticore
 11597 | D:10     | Reached XP level 12. HP: 75/75 MP: 17/19
 11645 | D:10     | Identified the +2 morningstar of the Middle {protect, rN+
                  | SInv}
 11656 | D:10     | Reached skill level 9 in Fighting
 11846 | D:10     | 11846 ||| PLANNING LAIR
 11846 | D:10     | 11846 ||| UPGRADING to +1 buckler of protection.
 11856 | D:10     | 11856 ||| DROPPING +0 buckler.
 11907 | Lair:1   | Entered Level 1 of the Lair of Beasts
 11908 | Lair:1   | 11908 ||| INVOKING Heroism.
 11946 | Lair:1   | 11946 ||| Stepping ~*~*~tactically~*~*~ (hiding).
 11949 | Lair:1   | 11949 ||| Stepping ~*~*~tactically~*~*~ (hiding).
 11974 | Lair:1   | 11974 ||| INVOKING Heroism.
 12191 | Lair:1   | 12191 ||| INVOKING Heroism.
 12200 | Lair:1   | Identified the +0 helmet of Diafoazu {Harm rN+} (Okawaru
                  | gifted it to you on level 1 of the Lair of Beasts)
 12200 | Lair:1   | Received a gift from Okawaru
 12265 | Lair:1   | Noticed an anaconda
 12273 | Lair:1   | Killed an anaconda
 12274 | Lair:1   | Reached skill level 12 in Axes
 12283 | Lair:1   | 12283 ||| Stepping ~*~*~tactically~*~*~ (stealth).
 12304 | Lair:1   | 12304 ||| Stepping ~*~*~tactically~*~*~ (stealth).
 12311 | Lair:1   | Noticed a death yak
 12312 | Lair:1   | 12312 ||| INVOKING Heroism.
 12313 | Lair:1   | 12313 ||| INVOKING Finesse.
 12315 | Lair:1   | Reached skill level 6 in Shields
 12324 | Lair:1   | Killed a death yak
 12357 | Lair:1   | Noticed an alligator
 12358 | Lair:1   | 12358 ||| Stepping ~*~*~tactically~*~*~ (stealth).
 12360 | Lair:1   | 12360 ||| Stepping ~*~*~tactically~*~*~ (stealth).
 12371 | Lair:1   | Killed an alligator
 12377 | Lair:1   | 12377 ||| Stepping ~*~*~tactically~*~*~ (stealth).
 12388 | Lair:1   | 12388 ||| Stepping ~*~*~tactically~*~*~ (stealth).
 12389 | Lair:1   | 12389 ||| INVOKING Heroism.
 12499 | Lair:1   | Noticed a dire elephant
 12500 | Lair:1   | 12500 ||| Stepping ~*~*~tactically~*~*~ (hiding).
 12501 | Lair:1   | 12501 ||| INVOKING Heroism.
 12543 | Lair:1   | HP: 9/77 [dire elephant (24)]
 12544 | Lair:1   | 12544 ||| READING 4 scrolls of teleportation.
 12545 | Lair:1   | 12545 ||| DRINKING 3 potions of heal wounds.
 12550 | Lair:1   | 12550 ||| INVOKING Heroism.
 12556 | Lair:1   | Reached skill level 13 in Axes
 12859 | Lair:1   | Reached skill level 3 in Dodging
 12937 | Lair:1   | 12937 ||| INVOKING Heroism.
 12942 | Lair:1   | Received a gift from Okawaru
 13306 | Lair:1   | 13306 ||| INVOKING Heroism.
 13319 | Lair:1   | HP: 18/77 [blink frog (3)]
 13320 | Lair:1   | 13320 ||| READING 4 scrolls of teleportation.
 13321 | Lair:1   | 13321 ||| DRINKING 3 potions of heal wounds.
 13401 | Lair:1   | 13401 ||| Stepping ~*~*~tactically~*~*~ (stealth).
 13402 | Lair:1   | 13402 ||| INVOKING Heroism.
 13405 | Lair:1   | Reached XP level 13. HP: 66/82 MP: 17/20
 13494 | Lair:1   | 13494 ||| INVOKING Heroism.
 13505 | Lair:1   | Killed a dire elephant
 13552 | Lair:1   | 13552 ||| Stepping ~*~*~tactically~*~*~ (stealth).
 13694 | Lair:1   | 13694 ||| DROPPING +0 helmet of Diafoazu {Harm rN+}.
 13695 | Lair:1   | 13695 ||| READING scroll labelled EBBIFE VASH.
 13696 | Lair:1   | 13696 ||| READING scroll labelled WYCARETA REIHU.
 13697 | Lair:1   | 13697 ||| READING scroll labelled ZEHASE HUAPNIW.
 13698 | Lair:1   | 13698 ||| READING 2 scrolls of identify.
 13698 | Lair:1   | 13698 ||| IDENTIFYING glowing inky potion
 13731 | Lair:2   | Found a staircase to the Swamp.
 13781 | Lair:2   | 13781 ||| Stepping ~*~*~tactically~*~*~ (stealth).
 13812 | Lair:2   | 13812 ||| INVOKING Heroism.
 14025 | Lair:2   | Found a staircase to the Snake Pit.
 14028 | Lair:2   | 14028 ||| Stepping ~*~*~tactically~*~*~ (stealth).
 14070 | Lair:2   | 14070 ||| Stepping ~*~*~tactically~*~*~ (stealth).
 14140 | Lair:2   | 14140 ||| Stepping ~*~*~tactically~*~*~ (stealth).
 14166 | Lair:2   | 14166 ||| Stepping ~*~*~tactically~*~*~ (stealth).
 14223 | Lair:2   | Reached ****** piety under Okawaru
 14387 | Lair:2   | Reached skill level 14 in Axes
 14744 | Lair:2   | 14744 ||| Stepping ~*~*~tactically~*~*~ (hiding).
 14747 | Lair:2   | 14747 ||| INVOKING Heroism.
 14896 | Lair:3   | Received a gift from Okawaru
 15259 | Lair:3   | 15259 ||| Stepping ~*~*~tactically~*~*~ (hiding).
 15266 | Lair:3   | 15266 ||| INVOKING Heroism.
 15447 | Lair:3   | 15447 ||| INVOKING Heroism.
 15453 | Lair:3   | Received a gift from Okawaru
 15462 | Lair:3   | 15462 ||| READING scroll of enchant weapon.
 15462 | Lair:3   | 15462 ||| ENCHANTING +4 war axe of freezing.
 15971 | Lair:3   | 15971 ||| DROPPING +0 buckler of reflection.
 15972 | Lair:3   | 15972 ||| UPGRADING to amulet of reflection.
 15982 | Lair:3   | 15982 ||| DROPPING amulet of the acrobat.
 15983 | Lair:3   | 15983 ||| READING scroll labelled FOBEQICYDE.
 16024 | Lair:4   | 16024 ||| INVOKING Heroism.
 16062 | Lair:4   | 16062 ||| INVOKING Heroism.
 16078 | Lair:4   | 16078 ||| INVOKING Finesse.
 16088 | Lair:4   | 16088 ||| INVOKING Heroism.
 16191 | Lair:4   | 16191 ||| INVOKING Heroism.
 16192 | Lair:4   | 16192 ||| INVOKING Finesse.
 16267 | Lair:4   | 16267 ||| Stepping ~*~*~tactically~*~*~ (stealth).
 16284 | Lair:4   | 16284 ||| FLEEEEING.
 16287 | Lair:4   | 16287 ||| FLEEEEING.
 16387 | Lair:4   | 16387 ||| INVOKING Heroism.
 16666 | Lair:4   | 16666 ||| INVOKING Heroism.
 16671 | Lair:4   | 16671 ||| Stepping ~*~*~tactically~*~*~ (stealth).
 16682 | Lair:4   | Reached skill level 15 in Axes
 16683 | Lair:4   | 16683 ||| Stepping ~*~*~tactically~*~*~ (stealth).
 16711 | Lair:4   | 16711 ||| Stepping ~*~*~tactically~*~*~ (stealth).
 16720 | Lair:4   | 16720 ||| Stepping ~*~*~tactically~*~*~ (stealth).
 16727 | Lair:4   | 16727 ||| INVOKING Heroism.
 16736 | Lair:4   | 16736 ||| Stepping ~*~*~tactically~*~*~ (stealth).
 16740 | Lair:4   | 16740 ||| Stepping ~*~*~tactically~*~*~ (stealth).
 16742 | Lair:4   | 16742 ||| Stepping ~*~*~tactically~*~*~ (stealth).
 16743 | Lair:4   | 16743 ||| Stepping ~*~*~tactically~*~*~ (stealth).
 16918 | Lair:4   | 16918 ||| Stepping ~*~*~tactically~*~*~ (hiding).
 16921 | Lair:4   | 16921 ||| INVOKING Heroism.
 17004 | Lair:4   | 17004 ||| INVOKING Heroism.
 17005 | Lair:4   | 17005 ||| INVOKING Finesse.
 17007 | Lair:4   | 17007 ||| SWAPPING to +3 hand axe of flaming.
 17014 | Lair:4   | Reached skill level 9 in Armour
 17014 | Lair:4   | Gained mutation: Your large and strong wings let you fly.
                  | [Gargoyle growth]
 17014 | Lair:4   | Reached XP level 14. HP: 90/90 MP: 14/21
 17014 | Lair:4   | 17014 ||| SWAPPING to +5 war axe of freezing.
 17195 | Lair:4   | 17195 ||| READING 5 scrolls of identify.
 17195 | Lair:4   | 17195 ||| IDENTIFYING fizzy coppery potion
 17196 | Lair:4   | 17196 ||| DROPPING potion of invisibility.
 17211 | Lair:5   | Entered Level 5 of the Lair of Beasts
 17212 | Lair:5   | 17212 ||| STAIRDANCE
 17219 | Lair:5   | 17219 ||| STAIRDANCE
 17309 | Lair:5   | 17309 ||| INVOKING Heroism.
 17364 | Lair:5   | 17364 ||| Stepping ~*~*~tactically~*~*~ (stealth).
 17368 | Lair:5   | 17368 ||| Stepping ~*~*~tactically~*~*~ (stealth).
 17371 | Lair:5   | 17371 ||| Stepping ~*~*~tactically~*~*~ (stealth).
 17373 | Lair:5   | 17373 ||| Stepping ~*~*~tactically~*~*~ (hiding).
 17374 | Lair:5   | 17374 ||| Stepping ~*~*~tactically~*~*~ (hiding).
 17379 | Lair:5   | 17379 ||| INVOKING Heroism.
 17432 | Lair:5   | 17432 ||| INVOKING Finesse.
 17439 | Lair:5   | Received a gift from Okawaru
 17440 | Lair:5   | Reached skill level 12 in Fighting
 17494 | Lair:5   | 17494 ||| FLEEEEING.
 17495 | Lair:5   | 17495 ||| FLEEEEING.
 17496 | Lair:5   | 17496 ||| FLEEEEING.
 17497 | Lair:5   | 17497 ||| FLEEEEING.
 17498 | Lair:5   | 17498 ||| FLEEEEING.
 17499 | Lair:5   | 17499 ||| FLEEEEING.
 17501 | Lair:5   | 17501 ||| FLEEEEING.
 17503 | Lair:5   | 17503 ||| FLEEEEING.
 17504 | Lair:5   | 17504 ||| FLEEEEING.
 17506 | Lair:5   | 17506 ||| FLEEEEING.
 17507 | Lair:5   | 17507 ||| FLEEEEING.
 17509 | Lair:5   | 17509 ||| FLEEEEING.
 17510 | Lair:5   | 17510 ||| Stepping ~*~*~tactically~*~*~ (stealth).
 17511 | Lair:5   | 17511 ||| FLEEEEING.
 17512 | Lair:5   | 17512 ||| INVOKING Heroism.
 17513 | Lair:5   | 17513 ||| Stepping ~*~*~tactically~*~*~ (stealth).
 17522 | Lair:5   | Received a gift from Okawaru
 17585 | Lair:5   | 17585 ||| Stepping ~*~*~tactically~*~*~ (stealth).
 17589 | Lair:5   | 17589 ||| Stepping ~*~*~tactically~*~*~ (stealth).
 17603 | Lair:5   | 17603 ||| Stepping ~*~*~tactically~*~*~ (stealth).
 17627 | Lair:5   | 17627 ||| SWAPPING to +1 vorpal broad axe.
 17628 | Lair:5   | 17628 ||| DROPPING +5 war axe of freezing.
 17697 | Lair:5   | 17697 ||| INVOKING Heroism.
 17721 | Lair:5   | 17721 ||| Stepping ~*~*~tactically~*~*~ (stealth).
 17752 | Lair:5   | 17752 ||| Stepping ~*~*~tactically~*~*~ (stealth).
 17770 | Lair:5   | 17770 ||| INVOKING Heroism.
 17911 | Lair:5   | 17911 ||| INVOKING Heroism.
 17925 | Lair:5   | Identified the +1 scale mail "Vacid" {Dex+2}
 17962 | Lair:5   | 17962 ||| Stepping ~*~*~tactically~*~*~ (stealth).
 17963 | Lair:5   | 17963 ||| Stepping ~*~*~tactically~*~*~ (stealth).
 17966 | Lair:5   | 17966 ||| Stepping ~*~*~tactically~*~*~ (stealth).
 17978 | Lair:5   | 17978 ||| Stepping ~*~*~tactically~*~*~ (stealth).
 17979 | Lair:5   | 17979 ||| Stepping ~*~*~tactically~*~*~ (stealth).
 18065 | Lair:5   | 18065 ||| Stepping ~*~*~tactically~*~*~ (stealth).
 18112 | Lair:5   | 18112 ||| Stepping ~*~*~tactically~*~*~ (stealth).
 18113 | Lair:5   | 18113 ||| Stepping ~*~*~tactically~*~*~ (stealth).
 18115 | Lair:5   | 18115 ||| Stepping ~*~*~tactically~*~*~ (stealth).
 18117 | Lair:5   | 18117 ||| Stepping ~*~*~tactically~*~*~ (stealth).
 18119 | Lair:5   | 18119 ||| Stepping ~*~*~tactically~*~*~ (stealth).
 18120 | Lair:5   | 18120 ||| INVOKING Heroism.
 18121 | Lair:5   | 18121 ||| INVOKING Finesse.
 18139 | Lair:5   | Reached skill level 16 in Axes
 18150 | Lair:5   | Received a gift from Okawaru
 18284 | Lair:5   | Found a staircase to the Slime Pits.
 18293 | Lair:5   | Found a viscous altar of Jiyva.
 18498 | Lair:5   | 18498 ||| Stepping ~*~*~tactically~*~*~ (stealth).
 18509 | Lair:5   | 18509 ||| Stepping ~*~*~tactically~*~*~ (stealth).
 18550 | Lair:5   | Identified the +1 pair of gloves "Didoyf" {Str+2}
 18556 | Lair:5   | 18556 ||| Stepping ~*~*~tactically~*~*~ (stealth).
 18557 | Lair:5   | 18557 ||| Stepping ~*~*~tactically~*~*~ (stealth).
 18558 | Lair:5   | 18558 ||| Stepping ~*~*~tactically~*~*~ (stealth).
 18694 | Lair:5   | 18694 ||| INVOKING Heroism.
 18701 | Lair:5   | Received a gift from Okawaru
 18735 | Lair:5   | 18735 ||| INVOKING Finesse.
 18738 | Lair:5   | 18738 ||| SWAPPING to +3 hand axe of flaming.
 18746 | Lair:5   | 18746 ||| SWAPPING to +1 vorpal broad axe.
 18773 | Lair:5   | 18773 ||| INVOKING Heroism.
 18843 | Lair:5   | 18843 ||| FLEEEEING.
 18844 | Lair:5   | 18844 ||| FLEEEEING.
 18845 | Lair:5   | 18845 ||| FLEEEEING.
 18849 | Lair:5   | 18849 ||| FLEEEEING.
 18850 | Lair:5   | 18850 ||| FLEEEEING.
 18851 | Lair:5   | 18851 ||| FLEEEEING.
 18854 | Lair:5   | 18854 ||| FLEEEEING.
 18857 | Lair:5   | 18857 ||| FLEEEEING.
 18858 | Lair:5   | 18858 ||| FLEEEEING.
 18859 | Lair:5   | 18859 ||| FLEEEEING.
 18860 | Lair:5   | 18860 ||| FLEEEEING.
 19081 | Lair:5   | 19081 ||| PLANNING D:1-11
 19081 | Lair:5   | 19081 ||| UPGRADING to +1 pair of gloves "Didoyf" {Str+2}.
 19086 | Lair:5   | 19086 ||| DROPPING +0 helmet of see invisible.
 19087 | Lair:5   | 19087 ||| READING 7 scrolls of identify.
 19087 | Lair:5   | 19087 ||| IDENTIFYING viscous ruby potion
 19238 | D:11     | Reached XP level 15. HP: 91/96 MP: 22/22
 19356 | D:11     | 19356 ||| Stepping ~*~*~tactically~*~*~ (hiding).
 19359 | D:11     | 19359 ||| Stepping ~*~*~tactically~*~*~ (stealth).
 19360 | D:11     | 19360 ||| Stepping ~*~*~tactically~*~*~ (hiding).
 19361 | D:11     | 19361 ||| Stepping ~*~*~tactically~*~*~ (hiding).
 19362 | D:11     | 19362 ||| INVOKING Heroism.
 19367 | D:11     | Received a gift from Okawaru
 19418 | D:11     | Noticed Josephine
 19419 | D:11     | 19419 ||| Stepping ~*~*~tactically~*~*~ (stealth).
 19423 | D:11     | 19423 ||| Stepping ~*~*~tactically~*~*~ (stealth).
 19432 | D:11     | 19432 ||| INVOKING Heroism.
 19434 | D:11     | Killed Josephine
 19581 | D:11     | Noticed Psyche
 19589 | D:11     | Killed Psyche
 19864 | D:11     | 19864 ||| READING scroll of enchant weapon.
 19864 | D:11     | 19864 ||| ENCHANTING +1 vorpal broad axe.
 19977 | D:11     | 19977 ||| INVOKING Heroism.
 20290 | D:11     | 20290 ||| PLANNING D
 20378 | D:12     | Received a gift from Okawaru
 20379 | D:12     | Reached skill level 17 in Axes
 20380 | D:12     | 20380 ||| DROPPING +2 vorpal war axe.
 20533 | D:12     | Identified the +5 scale mail of Lary {rC+ Str-4 Dex+3}
 20802 | D:12     | 20802 ||| UPGRADING to ring of protection from cold.
 20804 | D:12     | 20804 ||| READING 7 scrolls of identify.
 20804 | D:12     | 20804 ||| IDENTIFYING grey potion
 20919 | D:13     | 20919 ||| INVOKING Heroism.
 21092 | D:13     | 21092 ||| Stepping ~*~*~tactically~*~*~ (hiding).
 21160 | D:13     | 21160 ||| Stepping ~*~*~tactically~*~*~ (stealth).
 21161 | D:13     | 21161 ||| Stepping ~*~*~tactically~*~*~ (stealth).
 21292 | D:13     | 21292 ||| Stepping ~*~*~tactically~*~*~ (hiding).
 21443 | D:13     | Found Ecuilual's Assorted Antiques.
 21449 | D:13     | 21449 ||| BUYING potion of curing (84 gold).
 21449 | D:13     | Bought a potion of curing for 84 gold pieces
 21449 | D:13     | 21449 ||| BUYING scroll of enchant armour (210 gold).
 21449 | D:13     | Bought a scroll of enchant armour for 210 gold pieces
 21464 | D:13     | 21464 ||| READING scroll of brand weapon.
 21464 | D:13     | 21464 ||| BRANDING +2 vorpal broad axe.
 21509 | D:13     | 21509 ||| Stepping ~*~*~tactically~*~*~ (stealth).
 21511 | D:13     | 21511 ||| Stepping ~*~*~tactically~*~*~ (hiding).
 21711 | D:14     | Noticed Roxanne
 21712 | D:14     | 21712 ||| INVOKING Heroism.
 21713 | D:14     | 21713 ||| INVOKING Finesse.
 21729 | D:14     | Killed Roxanne
 21803 | D:14     | 21803 ||| INVOKING Heroism.
 22038 | D:14     | 22038 ||| Stepping ~*~*~tactically~*~*~ (hiding).
 22150 | D:14     | 22150 ||| Stepping ~*~*~tactically~*~*~ (stealth).
 22185 | D:14     | Noticed Kirke
 22186 | D:14     | 22186 ||| INVOKING Heroism.
 22187 | D:14     | 22187 ||| INVOKING Finesse.
 22199 | D:14     | Killed Kirke
 22361 | D:14     | 22361 ||| READING scroll of enchant weapon.
 22361 | D:14     | 22361 ||| ENCHANTING +2 broad axe of protection.
 22376 | D:14     | 22376 ||| INVOKING Heroism.
 22389 | D:14     | Reached skill level 6 in Throwing
 22542 | D:14     | 22542 ||| READING scroll of enchant weapon.
 22542 | D:14     | 22542 ||| ENCHANTING +3 broad axe of protection.
 22596 | D:14     | Found a glowing golden altar of the Shining One.
 22790 | D:14     | Received a gift from Okawaru
 22886 | D:14     | 22886 ||| Stepping ~*~*~tactically~*~*~ (hiding).
 22951 | D:14     | 22951 ||| INVOKING Heroism.
 22964 | D:14     | 22964 ||| SWAPPING to +3 hand axe of flaming.
 22974 | D:14     | 22974 ||| SWAPPING to +4 broad axe of protection.
 22978 | D:14     | 22978 ||| Stepping ~*~*~tactically~*~*~ (stealth).
 22979 | D:14     | Received a gift from Okawaru
 23126 | D:14     | Found a gate to the Vaults.
 23226 | D:14     | Found a blossoming altar of Fedhas.
 23247 | D:14     | 23247 ||| UPGRADING to +0 kite shield.
 23257 | D:14     | 23257 ||| DROPPING +1 buckler of protection.
 23302 | D:15     | Entered Level 15 of the Dungeon
 23315 | D:15     | 23315 ||| INVOKING Heroism.
 23323 | D:15     | 23323 ||| Stepping ~*~*~tactically~*~*~ (hiding).
 23327 | D:15     | HP: 15/98 [meliai/divine providence (11)]
 23328 | D:15     | 23328 ||| Stepping ~*~*~tactically~*~*~ (hiding).
 23329 | D:15     | 23329 ||| READING 6 scrolls of teleportation.
 23330 | D:15     | 23330 ||| DRINKING 2 potions of heal wounds.
 23491 | D:15     | 23491 ||| INVOKING Heroism.
 23642 | D:15     | 23642 ||| INVOKING Heroism.
 23676 | D:15     | 23676 ||| INVOKING Heroism.
 23689 | D:15     | Received a gift from Okawaru
 23700 | D:15     | Reached skill level 9 in Shields
 23850 | D:15     | Noticed Louise
 23851 | D:15     | 23851 ||| INVOKING Heroism.
 23852 | D:15     | 23852 ||| INVOKING Finesse.
 23857 | Abyss:3  | Cast into level 3 of the Abyss (Louise)
 23866 | Abyss:3  | 23866 ||| Stepping ~*~*~tactically~*~*~ (stealth).
 23945 | Abyss:3  | Noticed a tentacled starspawn
 23946 | Abyss:3  | 23946 ||| Stepping ~*~*~tactically~*~*~ (stealth).
 23951 | Abyss:3  | 23951 ||| INVOKING Heroism.
 23954 | Abyss:3  | Killed a tentacled starspawn
 23954 | Abyss:3  | Received a gift from Okawaru
 23969 | Abyss:3  | 23969 ||| Stepping ~*~*~tactically~*~*~ (stealth).
 23988 | Abyss:3  | Paralysed by accursed screaming for 1 turns
 23990 | Abyss:3  | Received a gift from Okawaru
 23993 | Abyss:3  | Reached XP level 16. HP: 35/104 MP: 23/23
 23993 | Abyss:3  | HP: 26/104 [starcursed mass/accursed screaming (9)]
 23994 | Abyss:3  | 23994 ||| READING 5 scrolls of teleportation.
 23995 | Abyss:3  | 23995 ||| DRINKING potion of heal wounds.
 24081 | Abyss:3  | 24081 ||| Stepping ~*~*~tactically~*~*~ (stealth).
 24085 | Abyss:3  | 24085 ||| Stepping ~*~*~tactically~*~*~ (stealth).
 24087 | Abyss:3  | 24087 ||| Stepping ~*~*~tactically~*~*~ (stealth).
 24107 | Abyss:3  | 24107 ||| Stepping ~*~*~tactically~*~*~ (stealth).
 24109 | Abyss:3  | 24109 ||| Stepping ~*~*~tactically~*~*~ (stealth).
 24111 | Abyss:3  | 24111 ||| Stepping ~*~*~tactically~*~*~ (stealth).
 24112 | Abyss:3  | 24112 ||| INVOKING Heroism.
 24127 | Abyss:3  | Received a gift from Okawaru
 24129 | Abyss:3  | 24129 ||| Stepping ~*~*~tactically~*~*~ (stealth).
 24130 | Abyss:3  | 24130 ||| Stepping ~*~*~tactically~*~*~ (stealth).
 24131 | Abyss:3  | 24131 ||| Stepping ~*~*~tactically~*~*~ (stealth).
 24221 | Abyss:3  | Noticed a tentacled starspawn
 24222 | Abyss:3  | 24222 ||| Stepping ~*~*~tactically~*~*~ (stealth).
 24229 | Abyss:3  | 24229 ||| Stepping ~*~*~tactically~*~*~ (stealth).
 24244 | Abyss:3  | 24244 ||| Stepping ~*~*~tactically~*~*~ (stealth).
 24245 | Abyss:3  | 24245 ||| Stepping ~*~*~tactically~*~*~ (stealth).
 24246 | Abyss:3  | 24246 ||| Stepping ~*~*~tactically~*~*~ (stealth).
 24247 | Abyss:3  | 24247 ||| Stepping ~*~*~tactically~*~*~ (stealth).
 24248 | Abyss:3  | 24248 ||| Stepping ~*~*~tactically~*~*~ (stealth).
 24249 | Abyss:3  | 24249 ||| Stepping ~*~*~tactically~*~*~ (stealth).
 24250 | Abyss:3  | 24250 ||| Stepping ~*~*~tactically~*~*~ (stealth).
 24266 | Abyss:3  | 24266 ||| Stepping ~*~*~tactically~*~*~ (stealth).
 24267 | Abyss:3  | 24267 ||| Stepping ~*~*~tactically~*~*~ (hiding).
 24268 | Abyss:3  | 24268 ||| Stepping ~*~*~tactically~*~*~ (stealth).
 24269 | Abyss:3  | 24269 ||| Stepping ~*~*~tactically~*~*~ (hiding).
 24270 | Abyss:3  | 24270 ||| Stepping ~*~*~tactically~*~*~ (hiding).
 24273 | Abyss:3  | 24273 ||| INVOKING Heroism.
 24338 | Abyss:3  | 24338 ||| INVOKING Heroism.
 24352 | Abyss:3  | Killed a tentacled starspawn
 24352 | Abyss:3  | Identified the +1 pair of gloves of Oxunad {Str+5} (Okawaru
                  | gifted it to you on level 3 of the Abyss)
 24352 | Abyss:3  | Received a gift from Okawaru
 24362 | D:15     | Escaped the Abyss
 24363 | D:15     | 24363 ||| INVOKING Finesse.
 24389 | D:15     | Killed Louise
 24542 | D:15     | 24542 ||| Stepping ~*~*~tactically~*~*~ (stealth).
 24594 | D:15     | 24594 ||| INVOKING Heroism.
 24609 | D:15     | Reached skill level 12 in Shields
 24777 | D:15     | 24777 ||| Stepping ~*~*~tactically~*~*~ (stealth).
 24779 | D:15     | 24779 ||| Stepping ~*~*~tactically~*~*~ (stealth).
 24781 | D:15     | 24781 ||| Stepping ~*~*~tactically~*~*~ (stealth).
 24785 | D:15     | 24785 ||| INVOKING Heroism.
 25018 | D:15     | 25018 ||| INVOKING Heroism.
 25019 | D:15     | 25019 ||| INVOKING Finesse.
 25020 | D:15     | 25020 ||| SWAPPING to +3 hand axe of flaming.
 25032 | D:15     | 25032 ||| SWAPPING to +4 broad axe of protection.
 25035 | D:15     | Found a staircase to the Depths.
 25139 | D:15     | 25139 ||| INVOKING Heroism.
 25140 | D:15     | 25140 ||| Stepping ~*~*~tactically~*~*~ (stealth).
 25218 | D:15     | 25218 ||| UPGRADING to +0 tower shield.
 25228 | D:15     | 25228 ||| DROPPING +0 kite shield.
 25229 | D:15     | 25229 ||| READING 4 scrolls of teleportation.
 25271 | D:15     | 25271 ||| INVOKING Heroism.
 25397 | D:15     | 25397 ||| READING 3 scrolls of teleportation.
 25541 | D:15     | 25541 ||| INVOKING Heroism.
 25542 | D:15     | 25542 ||| INVOKING Finesse.
 25544 | D:15     | 25544 ||| SWAPPING to +3 hand axe of flaming.
 25550 | D:15     | 25550 ||| SWAPPING to +4 broad axe of protection.
 25597 | D:15     | 25597 ||| Stepping ~*~*~tactically~*~*~ (hiding).
 25599 | D:15     | 25599 ||| Stepping ~*~*~tactically~*~*~ (hiding).
 25678 | D:15     | 25678 ||| READING 2 scrolls of teleportation.
 25706 | D:15     | 25706 ||| INVOKING Heroism.
 25707 | D:15     | 25707 ||| INVOKING Finesse.
 25710 | D:15     | 25710 ||| SWAPPING to +3 hand axe of flaming.
 25714 | D:15     | 25714 ||| SWAPPING to +4 broad axe of protection.
 25820 | D:15     | 25820 ||| PLANNING ORC
 26002 | Orc:1    | Entered Level 1 of the Orcish Mines
 26003 | Orc:1    | 26003 ||| INVOKING Heroism.
 26051 | Orc:1    | 26051 ||| INVOKING Heroism.
 26098 | Orc:1    | Noticed Maurice
 26101 | Orc:1    | 26101 ||| INVOKING Heroism.
 26114 | Orc:1    | Killed Maurice
 26223 | Orc:1    | Noticed Fannar
 26238 | Orc:1    | Killed Fannar
 26408 | Orc:1    | Noticed Harold
 26409 | Orc:1    | 26409 ||| Stepping ~*~*~tactically~*~*~ (hiding).
 26412 | Orc:1    | 26412 ||| Stepping ~*~*~tactically~*~*~ (hiding).
 26413 | Orc:1    | 26413 ||| Stepping ~*~*~tactically~*~*~ (hiding).
 26427 | Orc:1    | Killed Harold
 26494 | Orc:1    | Noticed Gastronok
 26509 | Orc:1    | Killed Gastronok
 26623 | Orc:1    | 26623 ||| UPGRADING to +0 cloak.
 26628 | Orc:1    | 26628 ||| READING scroll of enchant armour.
 26628 | Orc:1    | 26628 ||| ENCHANTING +0 cloak.
 26635 | Orc:2    | Entered Level 2 of the Orcish Mines
 26635 | Orc:2    | Noticed Jorgrun
 26635 | Orc:2    | Found a staircase to the Elven Halls.
 26636 | Orc:2    | 26636 ||| INVOKING Heroism.
 26637 | Orc:2    | 26637 ||| INVOKING Finesse.
 26647 | Orc:2    | Killed Jorgrun
 26709 | Orc:2    | 26709 ||| FLEEEEING.
 26710 | Orc:2    | 26710 ||| FLEEEEING.
 26711 | Orc:2    | 26711 ||| FLEEEEING.
 26712 | Orc:2    | 26712 ||| FLEEEEING.
 26713 | Orc:2    | 26713 ||| FLEEEEING.
 26714 | Orc:2    | 26714 ||| FLEEEEING.
 26715 | Orc:2    | 26715 ||| STAIRDANCE
 26970 | Orc:2    | 26970 ||| Stepping ~*~*~tactically~*~*~ (stealth).
 26976 | Orc:2    | 26976 ||| Stepping ~*~*~tactically~*~*~ (stealth).
 26978 | Orc:2    | 26978 ||| Stepping ~*~*~tactically~*~*~ (stealth).
 26984 | Orc:2    | 26984 ||| Stepping ~*~*~tactically~*~*~ (stealth).
 27117 | Orc:2    | 27117 ||| Stepping ~*~*~tactically~*~*~ (stealth).
 27123 | Orc:2    | 27123 ||| Stepping ~*~*~tactically~*~*~ (hiding).
 27124 | Orc:2    | 27124 ||| INVOKING Heroism.
 27161 | Orc:2    | 27161 ||| FLEEEEING.
 27162 | Orc:2    | 27162 ||| Stepping ~*~*~tactically~*~*~ (hiding).
 27163 | Orc:2    | 27163 ||| Stepping ~*~*~tactically~*~*~ (hiding).
 27165 | Orc:2    | 27165 ||| Stepping ~*~*~tactically~*~*~ (hiding).
 27167 | Orc:2    | 27167 ||| INVOKING Heroism.
 27173 | Orc:2    | Received a gift from Okawaru
 27182 | Orc:2    | HP: 15/104 [orc priest/divine providence (15)]
 27183 | Orc:2    | 27183 ||| READING scroll of teleportation.
 27183 | Orc:2    | Killed from afar by an orc priest

Levels and vault maps discovered:
D:1:      matt_arrival_debris, layout_rooms,
          hellmonk_ecumenical_altar_dog_temple
D:2:      layout_loops_ring, serial_shops, shop_statue
D:3:      layout_loops_ring, kennysheep_generic_room_4, uniq_jessica
D:4:      layout_basic, grunt_temple_overflow_champion_of_chaos,
          mainiacjoe_overflow_concentric_impassable, elyvilon_altar_5,
          minmay_temple_entry_statues_pillars, serial_demonic, serial_demonic_d,
          serial_demonic_g, serial_demonic_c, serial_demonic_a,
          serial_demonic_e, serial_demonic_e, uniq_sigmund
D:5:      layout_cave_pods, mainiacjoe_overflow_six_doors_small,
          nicolae_wu_jian_wuxing_cycle, kennysheep_slug_shrine
D:6:      layout_cave_pools, lemuel_blue_sif_altar,
          mainiacjoe_overflow_alcove_2, lemuel_crystal_altar
D:7:      layout_loops_ring, nicolae_hepliaklqana_ecumenical_no_more,
          trog_butcher_becter, enter_bailey_5, lightli_minifort, uniq_menkaure
D:8:      old_forge, layout_loops_ring, old_standard_altar, serial_aquarium,
          aquarium_bridge_square [aquarium_subvault_bridge,
          aquarium_subvault_bridge, aquarium_subvault_window,
          aquarium_subvault_wall], aquarium_window_fake, aquarium_window_double,
          aquarium_window_corridor_1, aquarium_window_1, aquarium_view_2d,
          aquarium_view_2e, uniq_grum
D:9:      layout_loops_ring, vehumet_statue, minmay_orc_entry_temple_small,
          uniq_joseph
D:10:     minmay_the_grid_square_5x5_3x3 [minmay_the_grid_square_5x5_percent,
          minmay_the_grid_square_5x5_plus, minmay_the_grid_square_5x5_longway,
          minmay_the_grid_square_5x5_corner,
          minmay_the_grid_square_5x5_megaprize_open,
          minmay_the_grid_square_5x5_z, minmay_the_grid_square_5x5_moneybag,
          minmay_the_grid_square_5x5_spiral_small,
          minmay_the_grid_square_5x5_fat_x], layout_basic,
          mainiacjoe_overflow_alcove_1,
          nicolae_uskayaw_murder_on_the_dancefloor, lair_entry_dummy,
          grunt_ministairs_6, minivault_21
D:11:     layout_stronghold, uniq_josephine, uniq_psyche
D:12:     layout_rooms, grunt_decor_junction
D:13:     layout_roguey, serial_shops, nicolae_shop_overgrown_old_shop
D:14:     layout_loops_ring, david_vaults_5, fedhas_altar_fruit_tree,
          tso_metal_star, uniq_roxanne, uniq_kirke
D:15:     hangedman_depths_entry_try_elsewhere_first, layout_irregular_city,
          roderic_lattice_a, minmay_puff, uniq_louise
Temple:   hellmonk_temple_two_chambers
Lair:1:   layout_cave_shapes, nicolae_lair_lakeside_cave
Lair:2:   layout_small_grid, swamp_mist, minmay_snake_entry_six_corridors,
          minivault_19, nicolae_lair_lindhole, grunt_megastairs_3
Lair:3:   layout_small_grid, serial_bayou_shore_a, lemuel_fruit_fields,
          lemuel_fruit_tree, serial_bayou_shore_b
Lair:4:   layout_cave_pods, lemuel_fruit_fields
Lair:5:   minmay_lair_end_frog_pond, layout_long_grid, slime_entry_1,
          bobbens_dragon_lair_wall, infiniplex_staircase_pool_2
Orc:1:    layout_caves, uniq_fannar, uniq_harold, uniq_gastronok, uniq_maurice
Orc:2:    st_orc_pillars, layout_caves, basic_altar, mines1_david, uniq_jorgrun

Skill      XL: |  1  2  3  4  5  6  7  8  9 10 11 12 13 14 15 16 |
---------------+-------------------------------------------------+-----
Axes           | 2 3 4 5 6 7 8 9 10 11 13 15 16 17 | 17.6
Fighting       | 4 5 7 8 10 11 12 13 | 13.0
Dodging        | 1 2 3 4 |  4.0
Invocations    | 3 4 7 10 | 10.0
Throwing       | 2 3 4 5 7 |  7.0
Armour         | 4 6 7 8 9 10 | 10.0
Shields        | 4 5 6 7 8 10 14 | 14.5

Action                   |  1- 3 |  4- 6 |  7- 9 | 10-12 | 13-15 | 16-18 || total
-------------------------+-------+-------+-------+-------+-------+-------++-------
Melee: War axe           |   125 |   134 |   271 |   546 |   318 |       ||  1394
       Hand axe          |       |       |       |       |    20 |    15 ||    35
       Broad axe         |       |       |       |       |   617 |   380 ||   997
Throw: Javelin           |       |       |    32 |    28 |    49 |    42 ||   151
       Boomerang         |       |       |     9 |    47 |   205 |     6 ||   267
Invok: Heroism           |       |       |    16 |    30 |    38 |    16 ||   100
       Finesse           |       |       |       |     1 |     9 |     5 ||    15
  Use: Scroll            |     3 |     5 |     9 |     7 |    14 |     6 ||    44
       Potion            |     2 |       |     2 |     7 |     1 |     1 ||    13
 Stab: Distracted        |       |       |       |     2 |       |       ||     2
Armor: Scale mail        |    65 |     2 |       |       |       |       ||    67
       Chain mail        |       |    75 |   164 |   105 |   325 |    96 ||   765
       Plate armour      |       |       |     8 |   173 |       |       ||   181
Dodge: Dodged            |    60 |    50 |   102 |   305 |   343 |    80 ||   940
Block: Buckler           |    26 |    16 |    60 |   127 |   307 |       ||   536
       Reflection        |       |       |       |       |    13 |    11 ||    24
       Kite shield       |       |       |       |       |    48 |   133 ||   181
       Tower shield      |       |       |       |       |       |   135 ||   135

Table legend:
 A = Non-vault XP
 B = Vault XP
 C = Vault XP percentage of total XP
 D = Non-vault monster count
 E = Vault monster count
 F = Vault count percentage of total count
                 A         B        C        D         E       F
            +---------+---------+-------+---------+---------+-------
      Total |  107559 |   61491 |  36.4 |     522 |     225 |  30.1
            +---------+---------+-------+---------+---------+-------
        D:1 |      25 |       6 |  19.4 |      16 |       3 |  15.8
        D:2 |      35 |       0 |   0.0 |      17 |       0 |   0.0
        D:3 |      15 |      47 |  75.8 |       8 |       3 |  27.3
        D:4 |     443 |     312 |  41.3 |      19 |       7 |  26.9
        D:5 |    1123 |       4 |   0.4 |      28 |       1 |   3.4
        D:6 |     750 |       0 |   0.0 |      14 |       0 |   0.0
        D:7 |     852 |     697 |  45.0 |      13 |      14 |  51.9
        D:8 |    2079 |    1054 |  33.6 |      27 |      16 |  37.2
        D:9 |    3371 |     583 |  14.7 |      17 |      11 |  39.3
       D:10 |    1715 |    5946 |  77.6 |      37 |      25 |  40.3
       D:11 |    4550 |    1898 |  29.4 |      21 |       5 |  19.2
       D:12 |    3767 |       0 |   0.0 |      12 |       0 |   0.0
       D:13 |    5632 |       0 |   0.0 |      15 |       0 |   0.0
       D:14 |    8218 |    8248 |  50.1 |      15 |      11 |  42.3
       D:15 |   17034 |    6941 |  29.0 |      37 |      10 |  21.3
     Lair:1 |    6803 |    7202 |  51.4 |      30 |      19 |  38.8
     Lair:2 |    1157 |    4502 |  79.6 |       5 |      19 |  79.2
     Lair:3 |    4561 |       0 |   0.0 |      18 |       0 |   0.0
     Lair:4 |   12031 |       0 |   0.0 |      34 |       0 |   0.0
     Lair:5 |   14743 |   16297 |  52.5 |      45 |      55 |  55.0
      Orc:1 |    2752 |    3736 |  57.6 |      45 |       4 |   8.2
      Orc:2 |    1911 |    4018 |  67.8 |      20 |      22 |  52.4
    Abyss:3 |   13992 |       0 |   0.0 |      29 |       0 |   0.0
            +---------+---------+-------+---------+---------+-------
